AoeStats
← Dong Quixote

Arabia

506033229Analyzed
2v2 RM · 21d ago on Sep 12, 2026· 76m 0s· 4 players
Game mode
Random Map
Map size
Medium (4 player)
Population
200
Speed
Normal
Resources
Standard
Victory
Conquest
Starting age
Dark Age
Ending age
Imperial Age
RankedLock teamsTeams togetherTeam positionsShared explorationLock speedFull tech treeHidden civsTurbo modeCheats
Victory
Defeat
🇺🇸 Tatars · United States
935
+15
🇺🇸 Franks · United States
933
+15
🇹🇼 Malians · Taiwan
923
-15
🇲🇽 Tatars · Mexico
918
-15
Aleks_Syntek_Oficial
0:30 Loom
12:11 Feudal Age
20:00 Horse Collar
20:06 Double-Bit Axe
24:32 Castle Age
23:32 Gold Mining
27:49 Wheelbarrow
30:00 Fortified Wall
30:20 Hand Cart
31:27 Heavy Plow
31:43 Bow Saw
33:29 Town Watch
38:08 Imperial Age
35:53 Pikeman
36:33 Squires
37:01 Masonry
37:13 Ballistics
37:05 Fletching
37:15 Padded Archer Armor
37:25 Forging
37:20 Scale Barding Armor
37:17 Scale Mail Armor
37:19 Treadmill Crane
37:56 Light Cavalry
38:46 Bloodlines
38:36 Husbandry
39:06 Chain Barding Armor
39:21 Iron Casting
38:42 Bodkin Arrow
39:02 Leather Archer Armor
39:03 Silk Armor
39:24 Conscription
38:34 Heavy Camel Rider
43:51 Plate Barding Armor
44:16 Blast Furnace
44:08 Hussar
46:26 Town Patrol
51:43 Blast Furnace
50:44 Bracer
51:15 Ring Archer Armor
50:49 Bracer
51:19 Ring Archer Armor
53:59 Heavy Cavalry Archer
61:51 Timurid Siegecraft
74:42 Elite Skirmisher
qvbcheng
12:08 Feudal Age
18:03 Castle Age
16:27 Double-Bit Axe
16:41 Horse Collar
17:25 Forging
17:15 Scale Mail Armor
17:16 Gold Mining
17:48 Stone Mining
23:18 Bow Saw
29:57 Pikeman
ConcernedSauce
9:40 Loom
11:46 Feudal Age
13:09 Double-Bit Axe
13:06 Horse Collar
20:26 Castle Age
21:42 Heavy Plow
23:10 Bow Saw
23:36 Scale Barding Armor
24:55 Chain Barding Armor
25:17 Bloodlines
27:04 Husbandry
38:00 Imperial Age
36:49 Fletching
37:34 Ballistics
38:20 Wheelbarrow
39:01 Bodkin Arrow
40:10 Bracer
41:39 Padded Archer Armor
42:16 Plate Barding Armor
43:01 Leather Archer Armor
45:01 Hand Cart
46:18 Ring Archer Armor
47:20 Gold Mining
48:42 Gold Shaft Mining
47:45 Pikeman
48:25 Squires
48:27 Scale Mail Armor
48:38 Forging
49:12 Conscription
48:41 Heavy Cavalry Archer
48:57 Halberdier
51:09 Crop Rotation
52:28 Iron Casting
53:56 Chemistry
54:52 Blast Furnace
58:24 Elite Skirmisher
58:48 Elite Skirmisher
68:35 Timurid Siegecraft
Dong Quixote
11:12 Feudal Age
15:56 Loom
19:17 Double-Bit Axe
22:18 Scale Barding Armor
23:11 Wheelbarrow
25:55 Castle Age
24:42 Forging
24:34 Gold Mining
24:41 Stone Mining
26:05 Light Cavalry
29:41 Iron Casting
29:27 Chain Barding Armor
29:33 Bow Saw
30:05 Gold Shaft Mining
30:02 Fortified Wall
29:52 Murder Holes
31:28 Hand Cart
30:59 Town Watch
31:43 Husbandry
31:48 Husbandry
32:26 Fletching
33:05 #83
34:57 Bodkin Arrow
37:37 Imperial Age
35:38 Town Patrol
45:02 Blast Furnace
44:41 Plate Barding Armor
43:44 Cavalier
45:27 Paladin
49:14 Pikeman
51:51 Halberdier
52:43 Scale Mail Armor
54:39 Conscription
56:49 Chain Mail Armor
57:45 Elite Skirmisher
58:32 Padded Archer Armor
60:15 Ballistics
64:09 Leather Archer Armor
64:26 Plate Mail Armor
65:33 Chivalry
Connection lost

Rejoining the realm…

Still unreachable

The connection could not be restored.

Session expired

The server has moved on; the page needs a fresh start.